 Dungeon Crawl Stone Soup version 0.27.1 (webtiles) character file.

Game seed: 3693468417137116272

21 MacCMillion the Chopper (level 2, 27/27 HPs)
             Began as a Minotaur Berserker on Sept 3, 2021.
             Was a Follower of Trog.
             Quit the game on level 2 of the Dungeon.
             The game lasted 00:03:20 (1059 turns).

MacCMillion the Chopper (Minotaur Berserker)        Turns: 1059, Time: 00:03:21

Health: 27/27      AC:  2    Str: 21    XL:     2   Next: 65%
Magic:  1/1        EV: 12    Int:  4    God:    Trog [*.....]
Gold:   2          SH:  0    Dex:  9    Spells: 1/1 levels left

rFire    . . .     SeeInvis .   a - +0 hand axe
rCold    . . .     Faith    .   (no shield)
rNeg     . . .     Spirit   .   b - +0 animal skin
rPois    .         Reflect  .   (helmet restricted)
rElec    .         Harm     .   (no cloak)
rCorr    .         Rampage  .   (no gloves)
Will     .....                  (no boots)
Stlth    +.........             (no amulet)
HPRegen  0.09/turn              (no ring)
MPRegen  0.07/turn              (no ring)

@: no status effects
A: horns 2, retaliatory headbutt
a: Renounce Religion, Berserk


You were on level 2 of the Dungeon.
You worshipped Trog.
Trog was aware of your devotion.
You visited 1 branch of the dungeon, and saw 2 of its levels.

You collected 2 gold pieces.

Inventory:

Hand Weapons
 a - a +0 hand axe (weapon)
Armour
 b - a +0 animal skin (worn)
 c - a +0 helmet
Scrolls
 d - a scroll of fog {unknown}
 e - 2 scrolls of identify {unknown}


   Skills:
 + Level 4.1 Fighting
 + Level 4.2 Axes
 + Level 2.5 Armour
 + Level 2.3 Dodging


You had one spell level left.
You didn't know any spells.
Your spell library was empty.

Dungeon Overview and Level Annotations

Branches:
Dungeon (2/15)

Altars:


Innate Abilities, Weirdness & Mutations

You have a pair of horns on your head.
You reflexively headbutt those who attack you in melee.


Message History

There is an open door, spattered with blood here.
Found a chain mail.
Found a scroll labelled QIELUT GIVAUGA.
e - 2 scrolls labelled QIELUT GIVAUGA (gained 1)
You open the door.
There is an open door here.
You see here a +0 short sword.
There is an open door here.
Key pressed, stopping explore.
Done exploring.
Done exploring.
Done exploring.
Done exploring.
Done exploring.
Done exploring.
Done exploring.
There is an open door here.
You open the door.
There is an open door here.
You open the door.
There is an open door here.
There is a stone staircase leading down here.
You climb downwards.
There is a stone staircase leading up here.
Found 20 arrows.
You see here 20 arrows.
A ball python comes into view.
A ball python is nearby!
Found 12 stones.
The helpless ball python fails to defend itself.
You hit the ball python.
You kill the ball python!
Trog accepts your kill.
No target in view!
An endoplasm comes into view.
Saving game... please wait.
Welcome back, MacCMillion the Minotaur Berserker.
Trog says: Kill them all!
Press ? for a list of commands and other information.
Are you sure you want to abandon this character and quit the game? (Confirm with "yes".)

###### #....#
#.##.##########
##########...^.........(
...........#####.######
##########.# #.# # #.#
#.# # #.# #.# # #.# #@#
# #.# #...# # ...
J.....# # ##.###...## #
##.## # #.# # #.# # #.#
##.#


You could see an endoplasm (asleep).

Vanquished Creatures
  4 ball pythons
  2 bats (D:1)
  An endoplasm (D:1)
  2 giant cockroaches (D:1)
  A hobgoblin (D:1)
  3 jackals (D:1)
  3 kobolds (D:1)
  2 frilled lizards (D:1)
  2 rats (D:1)
20 creatures vanquished.

Notes
Turn   | Place    | Note
-------+----------+-------------------------------------------
     0 | D:1      | MacCMillion the Minotaur Berserker began the quest for the
                  | Orb.
     0 | D:1      | Reached XP level 1. HP: 19/19 MP: 0/0
   299 | D:1      | Reached XP level 2. HP: 27/27 MP: 1/1
   668 | D:1      | Found a faded altar of an unknown god.
  1059 | D:2      | Quit the game

Illustrated notes

Levels and vault maps discovered:
D:1:      minmay_arrival_arboretum_small, layout_basic,
          dreamdust_ecumenical_altar_angels_and_demons, hex_intersection,
          minmay_tetromino_o2
D:2:      kennysheep_big_flooded_room, layout_loops_ring, basic_altar,
          chequers_jeans

Skill      XL: |  1  2 |
---------------+-------+-----
Axes           | 4 |  4.2
Fighting       | 4 |  4.1
Armour         | |  2.5
Dodging        | |  2.3

Action                   || total
-------------------------++-------
Melee: Hand axe          ||    39
       Headbutt          ||     6
  Use: Potion            ||     1
 Stab: Sleeping          ||     1
Armor: Animal skin       ||    14
Dodge: Dodged            ||    30
